 Dungeon Crawl Stone Soup version 0.19-a0-957-gf4ea323 (webtiles) character file.

3 Janovaan the Caller (level 1, -2/10 HPs)
             Began as a Tengu Summoner on July 10, 2016.
             Slain by a giant gecko (4 damage)
             ... on level 1 of the Dungeon.
             The game lasted 00:00:48 (213 turns).

Janovaan the Caller (Tengu Summoner)                 Turns: 213, Time: 00:00:49

Health: -2/10      AC:  5    Str:  8    XL:     1   Next: 50%
Magic:  2/4        EV: 12    Int: 15    God:
Gold:   18         SH:  0    Dex: 14    Spells: 1 memorised, 3 levels left

rFire  . . .     SeeInvis .     (no weapon)
rCold  . . .     Gourm    .     a - +0 robe
rNeg   . . .     Faith    .     (no shield)
rPois  .         Spirit   .     (helmet restricted)
rElec  .         Dismiss  .     h - +2 cloak
rCorr  .         Reflect  .     (no gloves)
SustAt .         Harm     .     (boots unavailable)
MR     .....                    (no amulet)
Stlth  ++........               (no ring)
                                (no ring)

@: not resistant to hostile enchantments, unstealthy
A: beak, talons 3
a: no special abilities


You were on level 1 of the Dungeon.
You were not hungry.

You visited 1 branch of the dungeon, and saw 1 of its levels.

You collected 18 gold pieces.

Inventory:

Missiles
 e - 23 stones (quivered)
Armour
 a - a +0 robe (worn)
 h - a +2 cloak (worn)
Scrolls
 g - a scroll of recharging {unknown}
 i - a scroll of enchant armour {unknown}
Potions
 d - a potion of curing {unknown}
Books
 b - a book of Callings

   Spells                             Type                      Level
   a - Summon Small Mammal            Summoning                    1
   b - Call Imp                       Summoning                    2
   c - Call Canine Familiar           Summoning                    3
   d - Summon Guardian Golem          Hexes/Summoning              3
   e - Summon Lightning Spire         Summoning/Air                4
   f - Summon Ice Beast               Ice/Summoning                4
Comestibles
 c - a bread ration
 f - a chunk of flesh


   Skills:
 + Level 2.1 Dodging
 + Level 2.0 Stealth
 + Level 2.0 Spellcasting
 + Level 5.0 Summonings


You had 3 spell levels left.
You knew the following spells:

 Your Spells              Type           Power        Failure   Level  Hunger
a - Summon Small Mammal   Summ           ###.         2%          1    #......


Dungeon Overview and Level Annotations

Branches:
Dungeon (1/15)

Altars:


Innate Abilities, Weirdness & Mutations

You have a beak for a mouth.
You have claws for feet.


Message History

Your rat's corpse disappears in a puff of smoke!
Casting: Summon Small Mammal
Confirm with . or Enter, or press ? or * to list all spells.
The giant gecko bites you but does no damage.
You swap places.
The giant gecko bites your rat.
Your rat bites the giant gecko.
The giant gecko bites your rat.
Your rat dies!
Your rat's corpse disappears in a puff of smoke!
You see here a club.
Casting: Summon Small Mammal
Confirm with . or Enter, or press ? or * to list all spells.
Your bat barely misses the giant gecko.
The giant gecko bites your bat.
Your bat barely misses the giant gecko.
Your bat misses the giant gecko. Your bat hits the giant gecko.
Your bat barely misses the giant gecko.
Your bat closely misses the giant gecko.
Your bat misses the giant gecko.
Your bat barely misses the giant gecko.
The giant gecko bites you.
You die...

#..#.....#..###
#.)##'''##..#
#############..........#
............÷†...#..####
.............###...##
......#.##.#.# #.###
......l#..#..# #.###
......#§##[#.# #...#
.....r#.##.#.# #@..#
####...#.)#..###l..###
#..#.##.#r.##b....#
#.........b.......#
#.....#######.....# ....
#.##### #.....# .... #.#
#.....# .....
#.###########...######.....
#...............# #........


You could see a giant gecko and a friendly bat.

Vanquished Creatures
  3 rats (D:1)
3 creatures vanquished.

Vanquished Creatures (collateral kills)
  A bat (D:1)
  A goblin (D:1)
2 creatures vanquished.

Grand Total: 5 creatures vanquished

Notes
Turn   | Place    | Note
-------+----------+-------------------------------------------
     0 | D:1      | Janovaan the Tengu Summoner began the quest for the Orb.
     0 | D:1      | Reached XP level 1. HP: 10/10 MP: 4/4
    21 | D:1      | Reached skill level 5 in Summonings
   213 | D:1      | Slain by a giant gecko

Vault maps used:
D:1:      dpeg_arrival_windows_large_door, minmay_small_reverse_x

Skill      XL: |  1 |
---------------+----+-----
Summonings     | 5 |  5.0
Dodging        | |  2.1
Stealth        | |  2.0
Spellcasting   | |  2.0

Action                   || total
-------------------------++-------
Melee: Unarmed           ||     6
       Kick              ||     1
       Peck              ||     1
 Cast: Summon Small Mamm ||     6
 Stab: Sleeping          ||     1
Armor: Robe              ||     2
Dodge: Dodged            ||     8
